 Dungeon Crawl Stone Soup version 0.24.1-14-gf8d2b509d9 (webtiles) character file.

Game seed: 557000728405603514, levelgen mode: deterministic

81 Hugehornet the Covert (level 4, 0/29 HPs)
             Began as an Octopode Assassin on May 19, 2020.
             Slain by Terence
             ... wielding a +3 hand axe of chopping
              (1 damage)
             ... on level 2 of the Dungeon.
             The game lasted 00:03:32 (2644 turns).

Hugehornet the Covert (Octopode Assassin)           Turns: 2644, Time: 00:03:34

Health: 0/29       AC:  1    Str: 10    XL:     4   Next: 40%
Magic:  4/4        EV: 13    Int: 14    God:
Gold:   85         SH:  0    Dex: 13    Spells: 3/3 levels left

rFire    . . .     SeeInvis .   a - +2 dagger
rCold    . . .     Gourm    .   (no shield)
rNeg     . . .     Faith    +   (helmet restricted)
rPois    .         Spirit   .   e - amulet of faith
rElec    .         Reflect  .   (no ring)
rCorr    .         Harm     .   (no ring)
MR       .....                  (no ring)
Stlth    +++++.....             (no ring)
HPRegen  0.09/turn              (no ring)
MPRegen  0.09/turn              (no ring)
                                (no ring)
                                (no ring)

@: no status effects
A: almost no armour, stealthy swim, amphibious, 8 rings, constrict 8, camouflage
1, gelatinous body 1
a: no special abilities


You were on level 2 of the Dungeon.
You were not hungry.

You visited 1 branch of the dungeon, and saw 2 of its levels.

You collected 85 gold pieces.

Inventory:

Hand Weapons
 a - a +2 dagger (weapon)
Missiles
 b - 8 poisoned darts (quivered)
 c - 2 curare-tipped darts
 j - 5 boomerangs
 l - 12 sling bullets
 m - 97 stones
Jewellery
 e - an amulet of faith (around mantle)
Scrolls
 f - 2 scrolls of magic mapping {unknown}
 g - a scroll of amnesia {unknown}
 h - 2 scrolls of teleportation {unknown}
 n - a scroll of random uselessness {unknown}
 o - a scroll of identify {unknown}
 q - a scroll of remove curse {unknown}
Potions
 i - a potion of curing {unknown}
 k - a potion of resistance {unknown}
 p - a potion of agility {unknown}
Comestibles
 d - 6 rations


   Skills:
 - Level 2.0 Fighting
 - Level 2.0 Short Blades
 - Level 2.0 Throwing
 - Level 1.0 Dodging
 + Level 8.0 Stealth


You had 3 spell levels left.
You didn't know any spells.
Your spell library was empty.

Dungeon Overview and Level Annotations

Branches:
Dungeon (2/15)

Altars:
The Shining One

Annotations:
D:2 Terence


Innate Abilities, Weirdness & Mutations

You cannot wear most types of armour.
You are very stealthy in the water. (Stealth+)
You are amphibious.
You can wear up to eight rings at the same time.
You can use your tentacles to constrict eight enemies at once.
Your skin changes colour to match your surroundings (Stealth+).
Your rubbery body absorbs attacks. (AC +1, EV +1)


Message History

Terence is moderately wounded.
You constrict Terence, but do no damage.
You hit Terence but do no damage. You squeeze Terence, but do no damage.
Terence is moderately wounded.
You constrict Terence.
Terence hits you with a +3 hand axe of chopping.
You are too injured to fight recklessly!
You are too injured to fight recklessly!
You completely miss Terence.
Terence is heavily wounded.
You constrict Terence. Terence barely misses you.
You hit Terence but do no damage. You squeeze Terence!
Terence is almost dead.
You constrict Terence. Terence barely misses you.
You hit Terence but do no damage. You squeeze Terence, but do no damage.
Terence is almost dead.
You constrict Terence, but do no damage.
Terence hits you with a +3 hand axe of chopping!
* * * LOW HITPOINT WARNING * * *
You die...

#.# #.###.#.#.........##.##....##
#.# #.###.#.###...###.##.##....#
#.###>................##.##....#
).....###.#.###...##..##.#####.#
..........#.# #...##..##.# #.#
......#####.# #...##..##.## #.#.
......... ..# #######......# #.#.
......############# #.##.#.# #.##
####### ......@@.# #.##.#.# #.#.
......## ########.# #..#.#.###.#.
#####..# #.# ##.#.#..##.#.
.....#.# #.# ##...#.......
.#...#.##########.###....#..##.##
..................##..#.....#####
..##...############..###....##
.†..).[.............##_##....#
#######.###########..##'....##


You could see Terence.

Vanquished Creatures
  An adder (D:2)
  2 worms (D:2)
  2 dart slugs
  A ball python (D:2)
  6 bats
  2 giant cockroaches (D:1)
  5 goblins
  5 hobgoblins
  14 jackals
  A quokka (D:2)
  2 frilled lizards (D:1)
  10 kobolds
  6 rats
57 creatures vanquished.

Notes
Turn   | Place    | Note
-------+----------+-------------------------------------------
     0 | D:1      | Hugehornet the Octopode Assassin began the quest for the
                  | Orb.
     0 | D:1      | Reached XP level 1. HP: 14/14 MP: 1/1
   204 | D:1      | Reached XP level 2. HP: 10/19 MP: 2/2
   208 | D:1      | Reached skill level 6 in Stealth
   700 | D:1      | Reached XP level 3. HP: 24/24 MP: 3/3
   889 | D:1      | Reached skill level 7 in Stealth
  1811 | D:2      | Reached XP level 4. HP: 10/29 MP: 4/4
  2116 | D:2      | Found a glowing golden altar of the Shining One.
  2570 | D:2      | Reached skill level 8 in Stealth
  2635 | D:2      | Noticed Terence
  2644 | D:2      | HP: 1/29 [Terence/+3 hand axe of chopping (10)]
  2644 | D:2      | Slain by Terence

Levels and vault maps discovered:
D:1:      nicolae_arrival_somewhat_less_tricky_arrival, layout_loops_ring
D:2:      layout_basic, tso_oasis_becter, serial_co_window_serial,
          co_window_paths_b, co_window_paths_a, co_window_paths_b,
          co_window_paths_a, co_window_paths_a, co_window_corner_b,
          co_window_of_opportunity_b, co_window_2corner, co_window_broadway_c,
          co_window_broadway_b, co_window_4corner_b, uniq_terence

Skill      XL: |  1  2  3  4 |
---------------+-------------+-----
Stealth        | 6 7 8 |  8.0
Fighting       | |  2.0
Short Blades   | |  2.0
Throwing       | |  2.0
Dodging        | |  1.0

Action                   |  1- 3 |  4- 6 || total
-------------------------+-------+-------++-------
Melee: Dagger            |    81 |    45 ||   126
       Constrict         |    21 |     8 ||    29
       Tentacles         |    13 |     8 ||    21
 Stab: Sleeping          |    14 |     3 ||    17
  Eat: Chunk             |     3 |     2 ||     5
Armor: Skin              |     4 |     6 ||    10
Dodge: Dodged            |    35 |    19 ||    54
